 Dungeon Crawl Stone Soup version 0.29.1-1-gd02db6906a (webtiles) character file.

Game seed: 5877998307267758801

14 xian the Ruffian (level 2, 4/26 HPs)
             Began as a Ghoul Berserker on Sept 24, 2022.
             Was a Follower of Trog.
             Quit the game on level 1 of the Dungeon.
             The game lasted 00:02:22 (486 turns).

xian the Ruffian (Ghoul Berserker)                   Turns: 486, Time: 00:02:22

Health: 4/26       AC:  2    Str: 19    XL:     2   Next: 45%
Magic:  1/1        EV: 11    Int:  3    God:    Trog [*.....]
Gold:   21         SH:  0    Dex:  8    Spells: 1/1 levels left

rFire   . . .      SeeInvis .     - Unarmed
rCold   + . .      Faith    .   (no shield)
rNeg    + + +      Spirit   .   a - +0 animal skin
rPois   ∞          Reflect  .   (no helmet)
rElec   .          Harm     .   (no cloak)
rCorr   .          Rampage  .   (no gloves)
Will    .....                   (no boots)
Stlth   +.........              (no amulet)
HPRegen 0.08/turn               (no ring)
MPRegen 0.07/turn               (no ring)

@: no status effects
A: claws 1, cold resistance 1, negative energy resistance 3, inhibited
regeneration, torment resistance 2, devour on kill
a: Renounce Religion


You were on level 1 of the Dungeon.
You worshipped Trog.
Trog was aware of your devotion.
You visited 1 branch of the dungeon, and saw 1 of its levels.

You collected 21 gold pieces.

Inventory:

Armour
 a - a +0 animal skin (worn)
Scrolls
 d - a scroll of magic mapping {unknown}
Potions
 b - a potion of curing {unknown}
 c - a potion of attraction {unknown}


   Skills:
 + Level 3.6 Fighting
 + Level 1.8 Armour
 + Level 1.9 Dodging
 + Level 3.7 Unarmed Combat


You had one spell level left.
You didn't know any spells.
Your spell library contained the following spells:

 Spells                   Type           Power      Damage    Failure   Level
 Conjure Flame            Conj/Fire      0%         6-21      88%         3
 Ignite Poison            Fire/Tmut/Pois 0%         N/A       88%         3
 Sticky Flame             Conj/Fire      0%         2d3       99%         4


Dungeon Overview and Level Annotations

Branches:
Dungeon (1/15)

Altars:


Innate Abilities, Weirdness & Mutations

You are immune to poison.
You have sharp fingernails.
Your flesh is cold resistant. (rC+)
You are immune to negative energy. (rN+++)
You do not regenerate when monsters are visible.
You are immune to unholy pain and torment.
You thrive by killing the living.


Message History

You scratch the hobgoblin.
The hobgoblin is heavily wounded.
The hobgoblin hits you. The rat barely misses you. The rat bites you.
You scratch the hobgoblin.
You kill the hobgoblin!
Trog accepts your kill. The rat bites you. x2
The rat bites you.
* * * LOW HITPOINT WARNING * * *
The rat misses you.
Things that are here:
a +0 short sword; a hobgoblin corpse; a kobold corpse You closely miss the rat.
The rat bites you.
* * * LOW HITPOINT WARNING * * *
The rat closely misses you.
You barely miss the rat. You completely miss the rat.
The rat closely misses you. The rat barely misses you.
You claw the rat!
You kill the rat!
Trog accepts your kill. The rat misses you.
You see here a rat corpse.
You scratch the rat but do no damage. The rat bites you.
* * * LOW HITPOINT WARNING * * *
You scratch the rat.
You kill the rat!
Trog accepts your kill.
Items here: ) †††.
Items here: ) †††.
Okay, then.
Okay, then.
Okay, then.
Okay, then.
Found 2 stones.
Save game and exit?
Okay, then.
Okay, then.
Okay, then.
Are you sure you want to abandon this character and quit the game? (Confirm with "yes".)

#############
#...........#
#...........#
#...........##
+............#
#.†..........#
######))........@.#
...##...#########(#
...##...# .#
...##...###### .#
....+......... .#
...##...###### .#
###.....# ..
###.....# .#
........#


There were no monsters in sight!

Vanquished Creatures
  3 bats (D:1)
  A giant cockroach (D:1)
  3 hobgoblins (D:1)
  A ball python (D:1)
  A goblin (D:1)
  A kobold (D:1)
  4 rats (D:1)
14 creatures vanquished.

Notes
Turn   | Place    | Note
-------+----------+-------------------------------------------
     0 | D:1      | xian the Ghoul Berserker began the quest for the Orb.
     0 | D:1      | Reached XP level 1. HP: 19/19 MP: 0/0
   255 | D:1      | Reached XP level 2. HP: 20/26 MP: 1/1
   486 | D:1      | Quit the game

Illustrated notes

Levels and vault maps discovered:
D:1:      scummos_arrival_checkerplants, layout_basic,
          shapermc_ecumenical_altar_hornbeckon, serial_shops, shop,
          chequers_serial_rivers_large_b, minmay_misc_feat_cross

Action                   || total
-------------------------++-------
Melee: Unarmed           ||    47
Armor: Animal skin       ||    21
Dodge: Dodged            ||    48
